 Dungeon Crawl Stone Soup version 0.22-a0-439-gac93bac (webtiles) character file.

5304 Jynxie the Slicer (level 10, -2/67 HPs)
             Began as a Vampire Gladiator on May 29, 2018.
             Was an Elder of Wu Jian.
             Slain by a yak (9 damage)
             ... on level 9 of the Dungeon.
             The game lasted 00:24:55 (10365 turns).

Jynxie the Slicer (Vampire Gladiator)              Turns: 10365, Time: 00:24:56

Health: -2/67      AC:  8    Str: 13    XL:     10   Next: 37%
Magic:  10/10      EV: 15    Int: 12    God:    Wu Jian [****..]
Gold:   369        SH:  6    Dex: 21    Spells: 9/9 levels left

rFire    . . .     SeeInvis +   a - +0 rapier
rCold    + . .     Gourm    .   r - +0 buckler
rNeg     + + .     Faith    +   b - +0 leather armour
rPois    +         Spirit   .   c - +0 helmet
rElec    .         Reflect  .   m - +0 cloak
rCorr    .         Harm     .   t - -2 pair of gloves of Dyspraxia {MR+ Dex+3 Stlth+}
MR       ++...                  (no boots)
Stlth    +++++++...             h - amulet of faith {!P}
HPRegen  0.10/turn              l - +4 ring of protection
MPRegen  0.12/turn              n - ring of poison resistance

@: regenerating slowly
A: fangs 3, see invisible, unbreathing
a: Bat Form, Wall Jump, Serpent's Lash, Renounce Religion


You were on level 9 of the Dungeon.
You worshipped Wu Jian.
Wu Jian was greatly pleased with you.
You were very thirsty.

You visited 1 branch of the dungeon, and saw 9 of its levels.

You collected 369 gold pieces.

Inventory:

Hand Weapons
 a - a +0 rapier (weapon)
Missiles
 d - 3 throwing nets (quivered) {!f}
Armour
 b - a +0 leather armour (worn)
 c - a +0 helmet (worn)
 m - a +0 cloak (worn)
   (You found it on level 3 of the Dungeon)
 r - a +0 buckler (worn)
   (You found it on level 5 of the Dungeon)
 t - the -2 pair of gloves of Dyspraxia (worn) {MR+ Dex+3 Stlth+}
   (You found it on level 5 of the Dungeon)

   It affects your dexterity (+3).
   It affects your resistance to hostile enchantments.
   It makes you more stealthy.
 A - a +0 shield
   (You took it off a gnoll sergeant on level 8 of the Dungeon)
Jewellery
 h - an amulet of faith (around neck) {!P}
   (You found it on level 1 of the Dungeon)
 i - an uncursed ring of resist corrosion
   (You found it on level 7 of the Dungeon)
 l - a +4 ring of protection (left hand)
   (You found it on level 3 of the Dungeon)
 n - a ring of poison resistance (right hand)
   (You found it on level 7 of the Dungeon)
Wands
 C - a wand of scattershot (5)
   (You found it on level 9 of the Dungeon)
Scrolls
 f - 6 scrolls of remove curse {@r2}
 k - 4 scrolls of fog
 o - 5 scrolls of teleportation {@r4}
 s - 2 scrolls of amnesia
 u - a scroll of magic mapping
 v - a scroll of blinking
 y - a scroll of vulnerability {!r}
 B - a scroll of fear
 D - a scroll of random uselessness {unknown}
Potions
 e - 3 potions of degeneration {!q!d}
 g - 3 potions of lignification {!q}
 j - a potion of curing {@q1}
 p - 2 potions of heal wounds {@q2}
 q - a potion of blood {@q0}
 w - a potion of resistance
 x - a potion of brilliance
 z - a potion of cancellation


   Skills:
 - Level 2.0 Fighting
 - Level 13.0 Short Blades
 - Level 2.0 Throwing
 + Level 4.6 Dodging
 - Level 12.0 Stealth
 - Level 4.0 Shields


You had 9 spell levels left.
You didn't know any spells.
Your spell library contained the following spells:

 Spells                   Type           Power        Failure   Level  Hunger
 Summon Small Mammal      Summ           #...         38%         1    ##.....
 Summon Ice Beast         Ice/Summ       #.......     99%         4    #####..
 Call Imp                 Summ           #.......     54%         2    ###....
 Call Canine Familiar     Summ           #.......     77%         3    ####...
 Summon Lightning Spire   Summ/Air       #.......     99%         4    #####..
 Summon Guardian Golem    Hex/Summ       #.......     77%         3    ####...


Dungeon Overview and Level Annotations

Branches:
Dungeon (9/15)             Temple (0/1) D:5
   Lair: D:8-11         Orc: D:9-12

Altars:
Elyvilon
Hepliaklqana
Qazlal
Trog
Wu Jian

Shops:
D:8 %

Annotations:
D:6 Tungsten's ghost, novice DrTm
D:7 Joseph


Innate Abilities, Weirdness & Mutations

You heal slowly.
You have razor-sharp teeth.
You have supernaturally acute eyesight. (SInv)
You can survive without breathing.


Message History

The yak bellows!
You hit the iguana. You block the iguana's attack.
You hit the iguana.
You kill the iguana!
The Council accepts your kill.
A yak comes into view.
You block the yak's attack.
You barely miss the yak.
The yak bellows!
You hit the yak but do no damage. You bite the yak, but do no damage.
You are feeling very thirsty.
The yak closely misses you.
You puncture the yak! You barely miss the yak. The yak closely misses you.
You hit the yak. You block the yak's attack.
You puncture the yak! The yak barely misses you.
You hit the yak but do no damage. You block the yak's attack.
You puncture the yak! The yak gores you but does no damage.
You hit the yak. The yak closely misses you.
You hit the yak but do no damage. The yak barely misses you.
You hit the yak.
You kill the yak!
The Council accepts your kill. The yak gores you.
Your leather armour prevents you from hitting the yak.
The yak closely misses you.
You puncture the yak! You bite the yak, but do no damage. You hit the yak.
The yak gores you. The yak completely misses you.
You puncture the yak! You bite the yak.
You draw the yak's blood!
You feel better.
You feel slightly less thirsty. The yak closely misses you. The yak gores you.
You hit the yak but do no damage. The yak gores you!
You puncture the yak! The yak misses you. The yak closely misses you.
You hit the yak. The yak barely misses you. You block the yak's attack.
You hit the yak. The yak gores you!
You hit the yak but do no damage. The yak gores you.
* * * LOW HITPOINT WARNING * * *
The yak gores you!
* * * LOW HITPOINT WARNING * * *
The yak gores you!
* * * LOW HITPOINT WARNING * * *
You spin and attack the yak repeatedly.
You hit the yak. x2
The yak gores you but does no damage.
You see here 17 gold pieces.
The yak gores you.
* * * LOW HITPOINT WARNING * * *
Why would you want to do that?
You see here a leather armour.
The yak gores you!
You die...

.....♣♣ ♣♣.....##
......♣♣♣.......##
.≈≈≈...♣...≈≈≈...#
≈≈≈≈≈.....≈≈≈≈≈..##
≈≈_≈≈.....≈≈♣≈≈...#
≈≈≈≈≈.....≈≈≈≈≈...#
.≈≈≈...♣.[.≈≈≈....#
...Y.Y♣♣♣..Y.Y.Y#.#
..%.Y♣♣ ♣♣.Y...#@.#
♣♣.♣♣♣ ♣♣#####.##
♣♣♣ ######.#
##......# ####
#####...#####
...###.....[.#
.#...........#
.#.###.......# .#.#
#.......#


You could see 3 yaks.

Vanquished Creatures
  Pikel (D:6)
  Prince Ribbit (D:6)
  A hornet (D:9)
  2 hippogriffs
  Grinder (D:6)
  4 yaks (D:9)
  A steam dragon (D:9)
  2 water moccasins
  2 orc warriors
  6 sky beasts
  An ice beast (D:6)
  2 black bears
  A necrophage (D:8)
  2 ogres
  A phantom (D:7)
  A centaur (D:9)
  2 bullfrogs
  A gnoll sergeant (D:8)
  2 scorpions
  5 killer bees (D:9)
  3 howler monkeys
  An electric eel (D:9)
  A crimson imp (D:7)
  2 orc wizards (D:7)
  4 jellies
  4 hounds
  A centaur skeleton (D:5)
  2 orc priests (D:7)
  A bullfrog skeleton (D:5)
  An iguana (D:9)
  3 worker ants
  A hound zombie (D:7)
  11 gnolls
  14 adders
  A shadow imp (D:5)
  2 oozes (D:1)
  2 adder zombies
  A worm (D:2)
  5 dart slugs
  8 leopard geckos
  12 orcs
  2 ball pythons
  7 bats
  6 giant cockroaches
  6 goblins
  8 hobgoblins
  7 jackals
  14 kobolds
  5 quokkas
  2 frilled lizards
  A giant cockroach zombie (D:5)
  12 rats
189 creatures vanquished.

Vanquished Creatures (others)
  A slave (D:6)
  A leopard gecko (D:6)
2 creatures vanquished.

Grand Total: 191 creatures vanquished

Notes
Turn   | Place    | Note
-------+----------+-------------------------------------------
     0 | D:1      | Jynxie the Vampire Gladiator began the quest for the Orb.
     0 | D:1      | Reached XP level 1. HP: 16/16 MP: 1/1
    90 | D:1      | Reached XP level 2. HP: 17/22 MP: 2/2
   491 | D:1      | Reached XP level 3. HP: 22/27 MP: 3/3
   792 | D:2      | Reached skill level 4 in Short Blades
   802 | D:2      | Reached skill level 1 in Stealth
  1034 | D:2      | Reached XP level 4. HP: 29/33 MP: 4/4
  1060 | D:2      | Found a bloodstained altar of Trog.
  1546 | D:2      | Found a faded altar of an unknown god.
  1693 | D:2      | Became a worshipper of the Wu Jian Council
  1693 | D:2      | Reached * piety under Wu Jian
  1781 | D:3      | Reached skill level 5 in Stealth
  1784 | D:3      | Reached XP level 5. HP: 31/38 MP: 5/5
  2174 | D:3      | Reached ** piety under Wu Jian
  2483 | D:4      | Noticed a black bear
  2485 | D:4      | Killed a black bear
  2485 | D:4      | Reached XP level 6. HP: 44/44 MP: 6/6
  2625 | D:4      | Found a stormy altar of Qazlal.
  2636 | D:4      | Noticed a water moccasin
  2657 | D:4      | Killed a water moccasin
  3229 | D:5      | Entered Level 5 of the Dungeon
  3249 | D:5      | Reached skill level 10 in Stealth
  3249 | D:5      | Reached XP level 7. HP: 50/50 MP: 7/7
  3691 | D:5      | Found a staircase to the Ecumenical Temple.
  3797 | D:5      | Got a pair of pitted gloves
  3803 | D:5      | Identified the -2 pair of gloves of Dyspraxia {MR+ Dex+3 Stlth+} (You found it on level 5 of the Dungeon)
  3915 | D:5      | Reached *** piety under Wu Jian
  3980 | D:5      | Found a hazy altar of Hepliaklqana.
  4043 | D:6      | Noticed Grinder
  4055 | D:6      | Killed Grinder
  4055 | D:6      | Reached skill level 5 in Short Blades
  4055 | D:6      | Reached XP level 8. HP: 52/56 MP: 8/8
  4432 | D:6      | Reached skill level 6 in Short Blades
  4498 | D:6      | Noticed Prince Ribbit
  4534 | D:6      | Killed Prince Ribbit
  4534 | D:6      | Reached skill level 7 in Short Blades
  4643 | D:6      | Reached skill level 8 in Short Blades
  4649 | D:6      | Noticed Pikel
  4652 | D:6      | Noticed Tungsten's ghost (novice DrTm)
  4667 | D:6      | Killed Pikel
  4667 | D:6      | Reached skill level 9 in Short Blades
  4667 | D:6      | Reached XP level 9. HP: 46/61 MP: 9/9
  5652 | D:7      | Reached skill level 10 in Short Blades
  6212 | D:7      | Reached skill level 11 in Short Blades
  6238 | D:7      | Noticed Joseph
  6746 | D:8      | Found Cojoiqel's Food Emporium.
  6779 | D:8      | Reached **** piety under Wu Jian
  6985 | D:8      | Reached skill level 12 in Short Blades
  8261 | D:8      | Reached XP level 10. HP: 46/67 MP: 10/10
  8629 | D:9      | Reached skill level 13 in Short Blades
  8656 | D:9      | Reached skill level 1 in Shields
 10288 | D:9      | Found a white marble altar of Elyvilon.
 10365 | D:9      | Slain by a yak

Vault maps used:
D:1:      doesnt_arrival_eight_statues, minmay_misc_feat_ornament,
          minmay_small_reverse_x
D:2:      chequers_ecumenical_altar_simple, first_ration,
          hangedman_decor_riveting, bloody_trog
D:3:      st_stairs_2
D:4:      grunt_qazlal_sundering
D:5:      minmay_temple_entry_glass, basic_altar
D:6:      uniq_grinder, uniq_pikel, uniq_prince_ribbit1
D:7:      uniq_joseph
D:8:      lemuel_upstairs_altar, serial_shops, shop
D:9:      statuecave_lemuel, hangedman_ranch, elyvilon_altar_3

Skill      XL: |  1  2  3  4  5  6  7  8  9 10 |
---------------+-------------------------------+-----
Fighting       | 2 |  2.0
Throwing       | 2 |  2.0
Short Blades   | 4 5 9 12 13 | 13.0
Dodging        | 4 |  4.6
Stealth        | 3 5 8 10 12 | 12.0
Shields        | 4 |  4.0

Action                   |  1- 3 |  4- 6 |  7- 9 | 10-12 || total
-------------------------+-------+-------+-------+-------++-------
Melee: Rapier            |    99 |   160 |   425 |   124 ||   808
       Bite              |    11 |    11 |    68 |    18 ||   108
Invok: Lunge             |       |    13 |    26 |     1 ||    40
       Serpent's Lash    |       |       |     2 |       ||     2
       Whirlwind         |       |       |       |     2 ||     2
 Abil: End Transformatio |       |       |     4 |       ||     4
       Bat Form          |       |       |     4 |       ||     4
  Use: Scroll            |       |     7 |     6 |     4 ||    17
       Potion            |       |     2 |    16 |     3 ||    21
 Stab: Sleeping          |     1 |    17 |    20 |     5 ||    43
       Distracted        |       |     2 |     3 |     2 ||     7
Armor: Leather armour    |    23 |    36 |    94 |    10 ||   163
Dodge: Dodged            |    59 |    91 |   223 |    50 ||   423
Block: Buckler           |       |       |       |     8 ||     8

Table legend:
 A = Spawn XP
 B = Non-spawn XP
 C = Spawn XP percentage of total XP
 D = Spawn monster count
 E = Non-spawn monster count
 F = Spawn count percentage of total count
 G = Total turns spent on level
                    A         B        C        D         E        F      G
               +---------+---------+-------+---------+---------+-------+---------
         Total |       0 |    7578 |   0.0 |       0 |     189 |   0.0 | 10365
               +---------+---------+-------+---------+---------+-------+---------
           D:1 |       0 |      57 |   0.0 |       0 |      24 |   0.0 |   749
           D:2 |       0 |      92 |   0.0 |       0 |      31 |   0.0 |   970
           D:3 |       0 |     151 |   0.0 |       0 |      23 |   0.0 |   629
           D:4 |       0 |     336 |   0.0 |       0 |      14 |   0.0 |   881
           D:5 |       0 |     565 |   0.0 |       0 |      17 |   0.0 |  1731
           D:6 |       0 |    1744 |   0.0 |       0 |      14 |   0.0 |   674
           D:7 |       0 |    1151 |   0.0 |       0 |      27 |   0.0 |  1067
           D:8 |       0 |    1459 |   0.0 |       0 |      20 |   0.0 |  1747
           D:9 |       0 |    2023 |   0.0 |       0 |      19 |   0.0 |  1917
               +---------+---------+-------+---------+---------+-------+---------
